 Dungeon Crawl Stone Soup version 0.26-a0-163-g6c8a0bf695 (webtiles) character file.

Game seed: 9935274857701789042

168 Murumi the Chopper (level 5, -4/46 HPs)
             Began as a Hill Orc Monk on July 3, 2020.
             Slain by Menkaure (18 damage)
             ... on level 4 of the Dungeon.
             The game lasted 00:09:45 (3861 turns).

Murumi the Chopper (Hill Orc Monk)                  Turns: 3861, Time: 00:09:46

Health: -4/46      AC: 10    Str: 15    XL:     5   Next: 49%
Magic:  14/14      EV: 10    Int: 10    God:
Gold:   111        SH:  0    Dex: 13    Spells: 4/4 levels left

rFire    + . .     SeeInvis .   a - +1 hand axe
rCold    + . .     Faith    .   (no shield)
rNeg     . . .     Spirit   .   i - +2 scale mail {rC+}
rPois    .         Reflect  .   (no helmet)
rElec    .         Harm     .   m - +0 cloak
rCorr    .                      (no gloves)
MR       .....                  (no boots)
Stlth    ..........             (no amulet)
HPRegen  0.15/turn              j - ring of magical power
MPRegen  0.14/turn              d - ring of protection from fire

@: no status effects
A: no striking features
a: no special abilities


You were on level 4 of the Dungeon.
You were not hungry.

You visited 1 branch of the dungeon, and saw 4 of its levels.

You collected 111 gold pieces.

Inventory:

Hand Weapons
 a - a +1 hand axe (weapon)
Armour
 i - a +2 scale mail of cold resistance (worn)
 m - a +0 cloak (worn)
Jewellery
 d - a ring of protection from fire (right hand)
 j - a ring of magical power (left hand)
Scrolls
 k - a scroll of amnesia
 l - 2 scrolls of blinking
 o - a scroll of remove curse
Potions
 b - a potion of magic {unknown}
 e - a potion of heal wounds {unknown}
 f - 2 potions of stabbing {unknown}
 g - 5 potions of curing
 h - a potion of mutation {unknown}
 n - a potion of might {unknown}
 p - a potion of berserk rage {unknown}
Comestibles
 c - 10 rations


   Skills:
 + Level 4.1 Fighting
 - Level 5.0 Axes
 - Level 4.0 Armour
 - Level 3.0 Dodging
 - Level 1.5 Stealth


You had 4 spell levels left.
You didn't know any spells.
Your spell library was empty.

Dungeon Overview and Level Annotations

Branches:
Dungeon (4/15)
 Temple: D:4-7

Altars:
Ashenzari
Vehumet

Annotations:
D:4 Menkaure


Message History

p - a coppery potion
l - 2 scrolls of blinking (gained 1) Menkaure, Prince of Dust comes into view.
Menkaure shouts!
Menkaure mumbles some strange words.
Menkaure seems to speed up.
Menkaure points at you and mumbles some strange words.
Pain shoots through your body! Menkaure hits you! Menkaure closely misses you.
You slash Menkaure!
Menkaure is moderately damaged.
Menkaure completely misses you.
You hit Menkaure but do no damage.
Menkaure is moderately damaged.
Menkaure calls on the powers of darkness!
Your body is wracked with pain!
You hit Menkaure.
Menkaure is moderately damaged.
Menkaure hits you!!
You die...

.....#.##...###....# #...........
.....#..#....#####.###...........
.........#...## #...#........§§.
.....###......## ###........§§§§.
.....# #.#.#...## ##.......§§§§§
###..# #...##...#####.#.##..§§§§§
#..# ###.........>....##§.§§§§#
#.## #.#.#...#..#.......§#### #.#
#.....#@................ ..
........M..#####..§#.†..#
#######...## #..######.. .....
#.# ##. ..##.## ... #.. ... .. .
#.. .### #. #.. ## .. #.. #..


You could see Menkaure (fast).

Vanquished Creatures
  2 worker ants (D:4)
  4 adders
  2 oozes (D:3)
  A worm (D:2)
  2 dart slugs
  3 leopard geckos
  7 orcs (D:3)
  A ball python (D:2)
  6 bats
  5 giant cockroaches
  2 hobgoblins (D:1)
  3 jackals (D:3)
  6 kobolds
  A frilled lizard (D:3)
  8 goblins
  7 rats
60 creatures vanquished.

Notes
Turn   | Place    | Note
-------+----------+-------------------------------------------
     0 | D:1      | Murumi the Hill Orc Monk began the quest for the Orb.
     0 | D:1      | Reached XP level 1. HP: 19/19 MP: 1/1
   500 | D:1      | Reached XP level 2. HP: 13/27 MP: 2/2
   955 | D:2      | Reached skill level 1 in Armour
  1075 | D:2      | Reached XP level 3. HP: 27/33 MP: 3/3
  1500 | D:2      | Found a faded altar of an unknown god.
  2014 | D:2      | HP: 1/33 [poisoned by an adder]
  2434 | D:3      | Reached XP level 4. HP: 39/40 MP: 4/4
  2611 | D:3      | Found a shattered altar of Ashenzari.
  3165 | D:3      | Reached skill level 5 in Axes
  3498 | D:3      | Reached XP level 5. HP: 46/46 MP: 5/5
  3500 | D:3      | Found a radiant altar of Vehumet.
  3853 | D:4      | Noticed Menkaure
  3861 | D:4      | Slain by Menkaure

Illustrated notes

Levels and vault maps discovered:
D:1:      grunt_arrival_crossed_arrows, layout_rooms, minmay_misc_feat_ornament,
          hangedman_decor_points
D:2:      layout_loops_ring, chequers_ecumenical_altar_grove
D:3:      layout_loops_cross, lemuel_doored_altar, lemuel_crystal_altar,
          nrook_mini_vaults
D:4:      layout_rooms, old_standard_altar, uniq_menkaure, uniq_duvessa

Skill      XL: |  1  2  3  4  5 |
---------------+----------------+-----
Fighting       | 4 |  4.1
Dodging        | 3 |  3.0
Armour         | 1 2 3 4 |  4.0
Axes           | 5 |  5.0
Stealth        | |  1.5

Action                   |  1- 3 |  4- 6 || total
-------------------------+-------+-------++-------
Melee: Hand axe          |   111 |    94 ||   205
  Use: Scroll            |     2 |     5 ||     7
 Stab: Sleeping          |     1 |       ||     1
  Eat: Chunk             |     3 |     6 ||     9
Armor: Leather armour    |    20 |    12 ||    32
       Scale mail        |       |    15 ||    15
Dodge: Dodged            |    77 |    58 ||   135

Table legend:
 A = Non-vault XP
 B = Vault XP
 C = Vault XP percentage of total XP
 D = Non-vault monster count
 E = Vault monster count
 F = Vault count percentage of total count
                 A         B        C        D         E       F
            +---------+---------+-------+---------+---------+-------
      Total |     241 |       0 |   0.0 |      60 |       0 |   0.0
            +---------+---------+-------+---------+---------+-------
        D:1 |      14 |       0 |   0.0 |       7 |       0 |   0.0
        D:2 |      66 |       0 |   0.0 |      22 |       0 |   0.0
        D:3 |      93 |       0 |   0.0 |      29 |       0 |   0.0
        D:4 |      68 |       0 |   0.0 |       2 |       0 |   0.0
            +---------+---------+-------+---------+---------+-------
